 Dungeon Sprint DCSS version 0.30-a0-1103-g25895a7845 (webtiles) character file.

Game seed: 2612724144748232257

16 fozzywoppz the Sneak (level 2, -8/16 HPs)
             Began as a Spriggan Brigand on Apr 18, 2023.
             Was an Initiate of Okawaru.
             Mangled by Grinder (10 damage)
             ... while paralysed by Grinder
             ... in the Dungeon (Sprint VII: "The Pits").
             The game lasted 00:01:39 (134 turns).

fozzywoppz the Sneak (Spriggan Brigand)              Turns: 134, Time: 00:01:40

Health: -8/16      AC:  3    Str:  7    XL:     2   Next: 41%
Magic:  3/3        EV:  4    Int: 12    God:    Okawaru [......]
Gold:   0          SH:  0    Dex: 16    Spells: 1/1 levels left

rFire   . . .      SeeInvis +    a - +2 dagger
rCold   . . .      Faith    .    (no shield)
rNeg    . . .      Spirit   .    b - +0 robe
rPois   .          Reflect  .    (helmet restricted)
rElec   .          Rampage  .    c - +0 cloak
rCorr   .          NoTele   +    (gloves unavailable)
Will    .....                    (boots unavailable)
Stlth   ++++                     (no amulet)
HPRegen 0.22/turn                (no ring)
MPRegen 0.08/turn                (no ring)

@: paralysed, very quick
A: very small, no large weapons, unfitting armour, see invisible, speed 3
a: Renounce Religion


You were in the Dungeon.
You worshipped Okawaru.
Okawaru was noncommittal.
You visited 1 branch

Inventory:

Hand Weapons
 a - a +2 dagger (weapon)
Missiles
 d - 9 poisoned darts (quivered)
 e - 3 curare-tipped darts
Armour
 b - a +0 robe (worn)
 c - a +0 cloak (worn)
Scrolls
 k - a scroll of blinking
 m - 5 scrolls of amnesia
 n - a scroll of summoning
Potions
 f - a potion of curing
 h - a potion of haste
 i - 4 potions of magic
 j - 3 potions of berserk rage
 l - 2 potions of invisibility


   Skills:
 + Level 2.5 Fighting
 + Level 3.4 Short Blades
 - Level 2.0 Throwing
 + Level 3.3 Dodging
 + Level 7.0 Stealth
 + Level 0.7 Invocations


You had one spell level left.
You didn't know any spells.
Your spell library was empty.

Dungeon Overview and Level Annotations

Branches:
Dungeon (1/1)

Altars:
Ashenzari
Cheibriados
Dithmenos
Elyvilon
Fedhas
Gozag
Hepliaklqana
Kikubaaqudgha
Makhleb
Nemelex Xobeh
Okawaru
Qazlal
Ru
Sif Muna
Trog
Uskayaw
Vehumet
Wu Jian
Xom
Yredelemnul
Zin
The Shining One
Jiyva
Lugonu

Annotations:
D Grinder


Innate Abilities, Weirdness & Mutations

You are very small and have problems with some larger weapons.
You are too small for most types of armour.
You have supernaturally acute eyesight. (SInv)
You cover ground extremely quickly. (Speed+++)


Message History

You hit Grinder.
Grinder is moderately wounded.
Grinder misses you.
You hit Grinder.
Grinder is moderately wounded.
Grinder hits you.
You writhe in agony.
You closely miss Grinder.
Grinder is moderately wounded.
Grinder misses you.
You barely miss Grinder.
Grinder is moderately wounded.
You barely miss Grinder.
Grinder is moderately wounded.
Grinder gestures at you. You resist with significant effort.
You hit Grinder.
Grinder is moderately wounded.
Grinder misses you.
You hit Grinder.
Grinder is moderately wounded.
Grinder misses you.
You hit Grinder.
Grinder is heavily wounded.
Grinder gestures at you. Pain shoots through your body!
You hit Grinder but do no damage.
Grinder is heavily wounded.
You hit Grinder.
Grinder is heavily wounded.
Grinder completely misses you.
You barely miss Grinder.
Grinder is heavily wounded.
Grinder gestures at you.
You suddenly lose the ability to move!
Grinder hits you.
You writhe in agony.
* * * LOW HITPOINT WARNING * * *
Grinder barely misses you. x2
Grinder hits you!
Ouch! That really hurt!
You die...

#...........'...........
+#####'#####......#..#.
#...#.# #...........
#..†#.# ####'#####+
#..†'.# #.......#
##†#### #.......#
#.....# #.......#
#....5#+###...<...#
#....@...##.......#
#........##.......#
###########.......#
#########


You could see Grinder.

Vanquished Creatures
  A river rat (D)
  A ball python (D)
  A hobgoblin (D)
  A quokka (D)
  3 bats (D)
  A giant cockroach zombie (D)
8 creatures vanquished.

Notes
Turn   | Place    | Note
-------+----------+-------------------------------------------
     0 | D        | fozzywoppz the Spriggan Brigand began the quest for the
                  | Orb.
     0 | D        | Reached XP level 1. HP: 10/10 MP: 2/2
    20 | D        | Reached skill level 6 in Stealth
    44 | D        | Found a glowing golden altar of the Shining One.
    44 | D        | Found a glowing silver altar of Zin.
    44 | D        | Found a basalt altar of Yredelemnul.
    44 | D        | Found a shimmering altar of Xom.
    44 | D        | Found an ornate altar of the Wu Jian Council.
    44 | D        | Found a bloodstained altar of Trog.
    44 | D        | Found a shimmering blue altar of Sif Muna.
    44 | D        | Found a sacrificial altar of Ru.
    44 | D        | Found a stormy altar of Qazlal.
    44 | D        | Found an iron altar of Okawaru.
    44 | D        | Found a sparkling altar of Nemelex Xobeh.
    44 | D        | Found a burning altar of Makhleb.
    44 | D        | Found a viscous altar of Jiyva.
    44 | D        | Found a hazy altar of Hepliaklqana.
    44 | D        | Found an opulent altar of Gozag.
    44 | D        | Found a blossoming altar of Fedhas.
    44 | D        | Found a white marble altar of Elyvilon.
    44 | D        | Found a shadowy altar of Dithmenos.
    44 | D        | Found a snail-covered altar of Cheibriados.
    45 | D        | Found a radiant altar of Vehumet.
    45 | D        | Found a corrupted altar of Lugonu.
    46 | D        | Found a hide-covered altar of Uskayaw.
    46 | D        | Found an ancient bone altar of Kikubaaqudgha.
    46 | D        | Found a broken altar of Ashenzari.
    50 | D        | Became a worshipper of Warmaster Okawaru
    70 | D        | Reached XP level 2. HP: 16/16 MP: 3/3
    78 | D        | Noticed Grinder
   109 | D        | Reached skill level 7 in Stealth
   130 | D        | Paralysed by Grinder for 5 turns
   134 | D        | Mangled by Grinder

Illustrated notes

Levels and vault maps discovered:
D:        pitsprint [storerooms_1, entrance_room_1, metal_vault_6, armoury_2,
          mini_pit_1, grid_room_1, main_hall_1, silver_pit, the_coven_1,
          the_vestibule_1, steel_vault_2, golden_pit, hallway_of_sentries,
          crystal_vault_4, iron_vault_2, final_vault]

Skill      XL: |  1  2 |
---------------+-------+-----
Stealth        | 6 7 |  7.0
Fighting       | 2 |  2.5
Short Blades   | 3 |  3.4
Dodging        | 3 |  3.3
Throwing       | |  2.0
Invocations    | |  0.7

Action                     || total
---------------------------++-------
  Melee: Dagger            ||    45
         Punch             ||     2
    Use: Potion            ||     1
   Stab: Sleeping          ||     2
 Armour: Robe              ||     5
  Dodge: Dodged            ||    35

Table legend: (Time is in decaauts)
 A = Elapsed time spent in this place.
 B = Non-inter-level travel time spent in this place.
 C = Inter-level travel time spent in this place.
 D = Time resting spent in this place.
 E = Time spent auto-exploring this place.
 F = Levels seen in this place.
 G = Mean time per level.
                   A        B        C        D        E       F      G
               +--------+--------+--------+--------+--------+-----+--------+
         Total |     98 |     98 |      0 |      0 |      0 |   1 |   98.0 |
       Dungeon |     98 |     98 |      0 |      0 |      0 |   1 |   98.0 |
               +--------+--------+--------+--------+--------+-----+--------+

Top non-repeatable levels by time:
       D: 98 daAuts
